NWL (28 & UNDER)
CULVER CITY EXTRAS @ CASPER GHOSTS
05/24/2029
 
TOP OF THE 1ST
Culver City Extras batting - Pitching for Casper Ghosts : LHP Ben Reyes
Pitching: LHP Ben Reyes
Batting: RHB Jamie Swyers 0-0: Called Strike
0-1: Ball
1-1: Ground out 6-3 (Groundball, 6)
Batting: RHB Mitchell Darragh 0-0: Ball
1-0: Ball
2-0: Ball
3-0: Called Strike
3-1: Reached on error, E6 (Groundball, 6)
Batting: RHB Pancho Reyna 0-0: Called Strike
Mitchell Darragh is caught stealing 2nd base
0-1: Ball
1-1: Ball
2-1: Ground out 6-3 (Groundball, 6)
Top of the 1st over - 0 runs, 0 hits, 1 error, 0 left on base; Culver City 0 - Casper 0
BOTTOM OF THE 1ST
Casper Ghosts batting - Pitching for Culver City Extras : LHP Scott Davis
Pitching: LHP Scott Davis
Batting: RHB Troy Reed 0-0: Ball
1-0: DOUBLE (Line Drive, 89D)
Batting: RHB Mark Arnold 0-0: Called Strike
0-1: Fly out, F8 (Flyball, 8LD)
Batting: RHB Paul Richard 0-0: Ball
1-0: Called Strike
1-1: Ball
2-1: Ball
3-1: Swinging Strike
3-2: Base on Balls
Batting: RHB Alberto Soto 0-0: Called Strike
0-1: Swinging Strike
0-2: Ball
1-2: Foul Ball, location: 2F
1-2: Ball
2-2: Ball
3-2: Base on Balls
Troy Reed to third
Paul Richard to second
Batting: LHB Ralph Cobb 0-0: Fielders Choice at 2nd, 6-4 (Groundball, 6M)
Troy Reed scores
Paul Richard to third
Batting: RHB Miguel Toro 0-0: Ball
1-0: Foul Ball, location: 2F
1-1: Ball
2-1: Foul Ball, location: 2F
2-2: DOUBLE (Flyball, 89D)
Paul Richard scores
Ralph Cobb to third
Runner from 3rd tries for Home, SAFE, throw made at trailing runner, OUT at third!
Bottom of the 1st over - 3 runs, 2 hits, 0 errors, 0 left on base; Culver City 0 - Casper 3
TOP OF THE 2ND
Culver City Extras batting - Pitching for Casper Ghosts : LHP Ben Reyes
Batting: LHB Randy Wiggins 0-0: Called Strike
0-1: Ball
1-1: Ground out 6-3 (Groundball, 56)
Batting: RHB Clarence Harrison 0-0: SINGLE (Groundball, 56S) (infield hit)
Batting: LHB Buddy Rice 0-0: Called Strike
0-1: Fly out, F7 (Flyball, 7D)
Batting: LHB Richard Bell 0-0: Ball
Clarence Harrison is caught stealing 2nd base
Top of the 2nd over - 0 runs, 1 hit, 0 errors, 0 left on base; Culver City 0 - Casper 3
BOTTOM OF THE 2ND
Casper Ghosts batting - Pitching for Culver City Extras : LHP Scott Davis
Batting: RHB Robert Acosta 0-0: Ball
1-0: Foul Ball, location: 2F
1-1: Ball
2-1: Fly out, F9 (Flyball, 9S)
Batting: LHB Ramón Córdova 0-0: Ball
1-0: Foul Ball, location: 2F
1-1: Foul Ball, location: 2F
1-2: Ball
2-2: Ball
3-2: SINGLE (Groundball, 4MD)
Batting: RHB Peter Bryant 0-0: Called Strike
0-1: Ball
1-1: Ball
2-1: Fly out, F8 (Flyball, 8RXD)
Batting: RHB Troy Reed 0-0: Ball
1-0: Fly out, F8 (Flyball, 8RM)
Bottom of the 2nd over - 0 runs, 1 hit, 0 errors, 1 left on base; Culver City 0 - Casper 3
TOP OF THE 3RD
Culver City Extras batting - Pitching for Casper Ghosts : LHP Ben Reyes
Batting: LHB Richard Bell 0-0: Called Strike
0-1: Ball
1-1: Ball
2-1: Ball
3-1: Base on Balls
Batting: LHB Tony Smith 0-0: Foul Ball, location: 2F
0-1: Swinging Strike
0-2: Ball
1-2: Ball
2-2: Foul Ball, location: 2F
2-2: Strikes out swinging
Batting: SHB Joey Boyd 0-0: Ball
1-0: Ball
2-0: Foul Ball, location: 2F
2-1: Called Strike
2-2: Ball
3-2: Base on Balls
Richard Bell to second
Batting: RHB Jamie Swyers 0-0: Ball
1-0: Ball
Passed Ball!
Richard Bell to third
Joey Boyd to second
2-0: Called Strike
2-1: Foul Ball, location: 2F
2-2: Foul Ball, location: 2F
2-2: Foul Ball, location: 2F
2-2: Foul Ball, location: 2F
2-2: Foul Ball, location: 2F
2-2: Ball
3-2: Foul Ball, location: 2F
3-2: Strikes out swinging
Batting: RHB Mitchell Darragh 0-0: Ground out 5-3 (Groundball, 5S)
Top of the 3rd over - 0 runs, 0 hits, 0 errors, 2 left on base; Culver City 0 - Casper 3
BOTTOM OF THE 3RD
Casper Ghosts batting - Pitching for Culver City Extras : LHP Scott Davis
Batting: RHB Mark Arnold 0-0: Called Strike
0-1: Foul Ball, location: 2F
0-2: Foul Ball, location: 2F
0-2: Foul Ball, location: 2F
0-2: Strikes out looking
Batting: RHB Paul Richard 0-0: Fly out, F7 (Flyball, 78D)
Batting: RHB Alberto Soto 0-0: Ball
1-0: Called Strike
1-1: Called Strike
1-2: Ground out 6-3 (Groundball, 6)
Bottom of the 3rd over - 0 runs, 0 hits, 0 errors, 0 left on base; Culver City 0 - Casper 3
TOP OF THE 4TH
Culver City Extras batting - Pitching for Casper Ghosts : LHP Ben Reyes
Batting: RHB Pancho Reyna 0-0: Called Strike
0-1: Ball
1-1: Foul Ball, location: 2F
1-2: Ball
2-2: Ball
3-2: SINGLE (Groundball, 6MD)
Batting: LHB Randy Wiggins 0-0: SINGLE (Line Drive, 56D)
Pancho Reyna to second
Batting: RHB Clarence Harrison 0-0: Foul Ball, location: 2F
0-1: Ball
1-1: Ball
2-1: Foul Ball, location: 2F
2-2: Strikes out looking
Batting: LHB Buddy Rice 0-0: Ball
1-0: Ball
2-0: Called Strike
2-1: Swinging Strike
2-2: Ball
3-2: Foul Ball, location: 2F
3-2: Fly out, F7 (Flyball, 7LD)
Batting: LHB Richard Bell 0-0: Ball
1-0: Ball
2-0: Ground out U3 (Groundball, 3)
Top of the 4th over - 0 runs, 2 hits, 0 errors, 2 left on base; Culver City 0 - Casper 3
BOTTOM OF THE 4TH
Casper Ghosts batting - Pitching for Culver City Extras : LHP Scott Davis
Batting: LHB Ralph Cobb 0-0: Ball
1-0: Fly out, F9 (Flyball, 9)
Batting: RHB Miguel Toro 0-0: Called Strike
0-1: Foul Ball, location: 2F
0-2: Ball
1-2: Ground out 6-3 (Groundball, 6)
Batting: RHB Robert Acosta 0-0: Ball
1-0: Called Strike
1-1: Fly out, F8 (Flyball, 8RD)
Bottom of the 4th over - 0 runs, 0 hits, 0 errors, 0 left on base; Culver City 0 - Casper 3
TOP OF THE 5TH
Culver City Extras batting - Pitching for Casper Ghosts : LHP Ben Reyes
Batting: LHB Tony Smith 0-0: Ball
1-0: Ball
2-0: Ball
3-0: Base on Balls
Batting: SHB Joey Boyd 0-0: Ball
1-0: Ball
2-0: SINGLE (Line Drive, 34)
Tony Smith to second
Batting: RHB Jamie Swyers 0-0: Called Strike
0-1: Swinging Strike
0-2: Strikes out swinging
Batting: RHB Mitchell Darragh 0-0: Called Strike
0-1: Ball
1-1: Foul Ball, location: 2F
1-2: Foul Ball, location: 2F
1-2: Fielders Choice at 2nd, 6-4 (Groundball, 6)
Tony Smith to third
Batting: RHB Pancho Reyna 0-0: Swinging Strike
0-1: Ball
1-1: Ball
2-1: Foul Ball, location: 2F
2-2: Ball
3-2: Fly out, F7 (Flyball, 78D)
Top of the 5th over - 0 runs, 1 hit, 0 errors, 2 left on base; Culver City 0 - Casper 3
BOTTOM OF THE 5TH
Casper Ghosts batting - Pitching for Culver City Extras : LHP Scott Davis
Batting: LHB Ramón Córdova 0-0: Ball
1-0: Foul Ball, location: 2F
1-1: Ball
2-1: Foul Ball, location: 2F
2-2: Ball
3-2: Reached on error, E4 (Groundball, 4)
Batting: RHB Peter Bryant 0-0: Fly out, F7 (Line Drive, 7D)
Batting: RHB Troy Reed 0-0: Ball
1-0: Ball
2-0: Called Strike
2-1: Ball
3-1: Base on Balls
Ramón Córdova to second
Batting: RHB Mark Arnold 0-0: Ball
1-0: Ball
2-0: Foul Ball, location: 2F
2-1: Fly out, F7 (Flyball, 7D)
Batting: RHB Paul Richard 0-0: Ball
1-0: Called Strike
1-1: Foul Ball, location: 2F
1-2: Fly out, F7 (Flyball, 78S)
Bottom of the 5th over - 0 runs, 0 hits, 1 error, 2 left on base; Culver City 0 - Casper 3
TOP OF THE 6TH
Culver City Extras batting - Pitching for Casper Ghosts : LHP Ben Reyes
Batting: LHB Randy Wiggins 0-0: Ball
1-0: Ball
2-0: Called Strike
2-1: Ball
3-1: Base on Balls
Batting: RHB Clarence Harrison 0-0: Ball
1-0: Ball
2-0: Foul Ball, location: 2F
2-1: DOUBLE (Line Drive, 8RXD)
Randy Wiggins to third
Batting: LHB Buddy Rice 0-0: Called Strike
0-1: Ball
1-1: Ground out 4-3 (Groundball, 4M)
Randy Wiggins scores
Clarence Harrison to third
Pitching: RHP Pablo Lima
Batting: LHB Richard Bell 0-0: Ball
1-0: Ball
2-0: Ball
3-0: Called Strike
3-1: Foul Ball, location: 2F
3-2: Foul Ball, location: 2F
3-2: Base on Balls
Batting: LHB Tony Smith 0-0: Called Strike
0-1: Ball
1-1: Swinging Strike
1-2: Strikes out swinging
Batting: SHB Joey Boyd 0-0: Ball
1-0: Swinging Strike
1-1: Ball
2-1: Ball
3-1: Base on Balls
Richard Bell to second
Batting: RHB Jamie Swyers 0-0: Called Strike
0-1: Ball
1-1: Fielders Choice at 2nd, 6-4 (Groundball, 6)
Top of the 6th over - 1 run, 1 hit, 0 errors, 3 left on base; Culver City 1 - Casper 3
BOTTOM OF THE 6TH
Casper Ghosts batting - Pitching for Culver City Extras : LHP Scott Davis
Batting: RHB Alberto Soto 0-0: Ground out 3-1 (Groundball, 34)
Batting: LHB Ralph Cobb 0-0: Called Strike
0-1: Called Strike
0-2: Fly out, F7 (Line Drive, 7)
Batting: RHB Miguel Toro 0-0: Ball
1-0: Called Strike
1-1: Fly out, F9 (Flyball, 9)
Bottom of the 6th over - 0 runs, 0 hits, 0 errors, 0 left on base; Culver City 1 - Casper 3
TOP OF THE 7TH
Culver City Extras batting - Pitching for Casper Ghosts : RHP Pablo Lima
Batting: RHB Mitchell Darragh 0-0: Called Strike
0-1: Ball
1-1: Ball
2-1: Ball
3-1: Base on Balls
Batting: RHB Pancho Reyna 0-0: Foul Ball, location: 2F
0-1: Ground out 5-3 (Groundball, 56S)
Mitchell Darragh to second
Batting: LHB Randy Wiggins 0-0: Swinging Strike
0-1: Ball
1-1: Ball
2-1: Foul Ball, location: 2F
2-2: Ball
3-2: Foul Ball, location: 2F
3-2: Base on Balls
Batting: RHB Clarence Harrison 0-0: Ball
1-0: Fielders Choice at 2nd, 4-6 (Groundball, 4M)
Mitchell Darragh to third
Batting: LHB Buddy Rice 0-0: Ball
1-0: Swinging Strike
1-1: Ball
2-1: Foul Ball, location: 2F
2-2: Strikes out swinging
Top of the 7th over - 0 runs, 0 hits, 0 errors, 2 left on base; Culver City 1 - Casper 3
BOTTOM OF THE 7TH
Casper Ghosts batting - Pitching for Culver City Extras : LHP Scott Davis
Batting: RHB Robert Acosta 0-0: Called Strike
0-1: Ball
1-1: Foul Ball, location: 2F
1-2: Strikes out swinging
Batting: LHB Ramón Córdova 0-0: Ball
1-0: Ball
2-0: Foul Ball, location: 2F
2-1: Foul Ball, location: 2F
2-2: Ball
3-2: Foul Ball, location: 2F
3-2: Foul Ball, location: 2F
3-2: Strikes out swinging
Batting: RHB Peter Bryant 0-0: Called Strike
0-1: Foul Ball, location: 2F
0-2: Ground out 4-3 (Groundball, 4)
Bottom of the 7th over - 0 runs, 0 hits, 0 errors, 0 left on base; Culver City 1 - Casper 3
TOP OF THE 8TH
Culver City Extras batting - Pitching for Casper Ghosts : RHP Pablo Lima
Batting: LHB Richard Bell 0-0: Ball
1-0: Ball
2-0: Called Strike
2-1: Fly out, F8 (Flyball, 89D)
Batting: LHB Tony Smith 0-0: Ball
1-0: Ball
2-0: Ball
3-0: Called Strike
3-1: Base on Balls
Batting: SHB Joey Boyd 0-0: Ball
1-0: Ball
2-0: Ball
3-0: Called Strike
3-1: Foul Ball, location: 2F
3-2: Ground out 4-3 (Groundball, 4MS)
Tony Smith to second
Batting: RHB Jamie Swyers 0-0: Called Strike
0-1: Ball
1-1: Ball
2-1: Called Strike
2-2: Foul Ball, location: 2F
2-2: Fly out, F4 (Popup, 4D)
Top of the 8th over - 0 runs, 0 hits, 0 errors, 1 left on base; Culver City 1 - Casper 3
BOTTOM OF THE 8TH
Casper Ghosts batting - Pitching for Culver City Extras : LHP Scott Davis
Pitching: LHP Henry Brown
Batting: RHB Troy Reed 0-0: Called Strike
0-1: Called Strike
0-2: Ground out 4-3 (Groundball, 34)
Batting: RHB Mark Arnold 0-0: Ball
1-0: Ball
2-0: Called Strike
2-1: Ball
3-1: Foul Ball, location: 2F
3-2: Base on Balls
Batting: RHB Paul Richard 0-0: Called Strike
0-1: Ball
1-1: Swinging Strike
1-2: Foul Ball, location: 2F
1-2: Strikes out swinging
Batting: RHB Alberto Soto 0-0: Ball
1-0: Ball
2-0: Foul Ball, location: 2F
2-1: Foul Ball, location: 2F
2-2: Strikes out swinging
Bottom of the 8th over - 0 runs, 0 hits, 0 errors, 1 left on base; Culver City 1 - Casper 3
TOP OF THE 9TH
Culver City Extras batting - Pitching for Casper Ghosts : RHP Pablo Lima
Batting: RHB Mitchell Darragh 0-0: Called Strike
0-1: Ball
1-1: SOLO HOME RUN (Flyball, 78XD), Distance : 432 ft
Batting: RHB Pancho Reyna 0-0: Ball
1-0: Foul Ball, location: 2F
1-1: Ground out 5-3 (Groundball, 56S)
Pitching: RHP Derrick Hall
Batting: LHB Randy Wiggins 0-0: Swinging Strike
0-1: Called Strike
0-2: Foul Ball, location: 2F
0-2: Fly out, F4 (Line Drive, 34D)
Batting: RHB Clarence Harrison 0-0: Ball
1-0: Called Strike
1-1: TRIPLE (Flyball, 89XD)
Batting: LHB Buddy Rice 0-0: Called Strike
0-1: Foul Ball, location: 2F
0-2: Ball
1-2: Ball
2-2: Strikes out swinging
Top of the 9th over - 1 run, 2 hits, 0 errors, 1 left on base; Culver City 2 - Casper 3
Saturday, December 16th, 2017 - OOTP Baseball 18.8 Build 76